 Dungeon Crawl Stone Soup version 0.30.0-29-ga12c61a403 (webtiles) character file.

Game seed: 2426488111908792331

3 cdecastro the Transmogrifier (level 1, 0/13 HPs)
             Began as a Gnoll Wanderer on June 22, 2023.
             Slain by a goblin
             ... wielding a +0 dagger
              (2 damage)
             ... on level 1 of the Dungeon.
             The game lasted 00:00:28 (25 turns).

cdecastro the Transmogrifier (Gnoll Wanderer)         Turns: 25, Time: 00:00:29

Health: 0/13       AC:  2    Str: 11    XL:     1   Next: 50%
Magic:  3/4        EV: 12    Int: 11    God:
Gold:   0          SH:  4    Dex: 11    Spells: 4/5 levels left

rFire   . .          .
                       - Unarmed
rCold   . . .        b - +0 buckler
rNeg    . . .        d - +0 robe
rPois   .            (helmet currently unavailable)
rElec   .            (no cloak)
rCorr   .            (no gloves)
SInv    .            (boots currently unavailable)
Will    .....        (no amulet)
Stlth   +            (no ring)
HPRegen 0.22/turn    (no ring)
MPRegen 0.09/turn

%: no passive effects
@: appendages
A: horns 2, talons 2, fangs 1, strong nose, distributed training
a: End Transformation


You were on level 1 of the Dungeon.
You had temporarily grown beastly horns and talons.
You visited 1 branch of the dungeon, and saw 1 of its levels.

Inventory:

Armour
 b - a +0 buckler (worn)
 d - a +0 robe (worn)
Scrolls
 e - a scroll of fog
Potions
 c - a potion of brilliance


   Skills:
 + Level 0.0 Fighting
 + Level 0.0 Short Blades
 + Level 0.0 Long Blades
 + Level 0.0 Axes
 + Level 0.0 Maces & Flails
 + Level 0.0 Polearms
 + Level 0.0 Staves
 + Level 0.0 Ranged Weapons
 + Level 0.0 Throwing
 + Level 0.0 Armour
 + Level 4.4 Dodging
 + Level 0.0 Stealth
 + Level 2.3 Shields
 + Level 2.3 Unarmed Combat
 + Level 2.6 Spellcasting
 + Level 0.0 Conjurations
 + Level 0.0 Hexes
 + Level 0.0 Summonings
 + Level 0.0 Necromancy
 + Level 0.0 Translocations
 + Level 8.7 Transmutations
 + Level 0.0 Fire Magic
 + Level 0.0 Ice Magic
 + Level 0.0 Air Magic
 + Level 0.0 Earth Magic
 + Level 0.0 Poison Magic
 + Level 0.1 Invocations
 + Level 0.0 Evocations


You had 4 spell levels left.
You knew the following spells:

 Your Spells              Type           Power      Damage    Failure   Level
a - Beastly Appendage     Tmut           40%        N/A       1%          1

Your spell library contained the following spells:

 Spells                   Type           Power      Damage    Failure   Level
 Ignite Poison            Fire/Tmut/Pois 7%         N/A       34%         3
 Blink                    Tloc           2%         N/A       50%         2
 Lesser Beckoning         Tloc           2%         N/A       50%         2
 Momentum Strike          Conj/Tloc      2%         3d8       50%         2
 Petrify                  Tmut/Erth      11%        N/A       54%         4


Dungeon Overview and Level Annotations

Branches:
Dungeon (1/15)

Altars:


Innate Abilities, Weirdness & Mutations

You have temporarily grown beastly horns and talons.
You have very sharp teeth.
Your uncanny sense of smell can sniff out nearby items.
Your experience applies equally to all skills.


Message History

The ball python is severely wounded.
The ball python bites you. The ball python constricts you.
You closely miss the ball python. You claw the ball python.
You kill the ball python!
A dart slug comes into view.
Found a club.
A goblin comes into view. It is wielding a +0 dagger.
Found 14 gold pieces.
The goblin shouts!
The goblin moves out of view.
A dart slug is nearby!
A dart slug is nearby!
A dart slug is nearby!
A dart slug is nearby!
You have temporarily grown beastly horns and talons.
Your movement speed is average.
Your attack delay is about 1.0.
Your damage rating with unarmed combat is about 5 (Base [3 + 2 (UC)] x 102% (Str) x 100% (Fight)).
The dart slug launches a dart at you. The slug dart hits you.
* * * LOW HITPOINT WARNING * * *
Casting: Beastly Appendage (safe; 1% risk of failure)
Press: ? - help, Q - select action Dir - look around, f - activate You extend your transformation's duration.
Unknown command.
The dart slug launches a dart at you. The slug dart hits you.
* * * LOW HITPOINT WARNING * * *
You hit the dart slug. You claw the dart slug.
The dart slug is moderately wounded.
The dart slug launches a dart at you. The slug dart hits you.
* * * LOW HITPOINT WARNING * * *
You hit the dart slug.
The dart slug is severely wounded.
You hit the dart slug.
You kill the dart slug!
You block the goblin's attack.
You closely miss the goblin. You claw the goblin, but do no damage.
The goblin hits you with a +0 dagger.
You die...

... #.#........?.
...####.#.........
...........#..#.#+#####
##.........#....#......
...........#........#
...........#........#
....................+ .
#.#.#.#.(.......g...#...
#.#.#.#)...#...@.......
#.#.#.....#...........
#<#.##....##.........
#.#.#.#....##.........
#.#.#.##....##.........
#.#.# #.#....##.........
.#.# ##...............
#.. .##....###..... ...
.....


You could see a goblin.

Vanquished Creatures
  A dart slug (D:1)
  A ball python (D:1)
2 creatures vanquished.

Notes
Turn   | Place    | Note
-------+----------+-------------------------------------------
     0 | D:1      | cdecastro the Gnoll Wanderer began the quest for the Orb.
     0 | D:1      | cdecastro set off with the following items: a +0 club, a +0
                  | buckler, a potion of brilliance, a +0 robe, a scroll of
                  | fog; and the following spell memorised: Beastly Appendage;
                  | and the following spells available to memorise: Ignite
                  | Poison, Petrify.
     0 | D:1      | Reached XP level 1. HP: 13/13 MP: 4/4
    25 | D:1      | Slain by a goblin

Illustrated notes

Levels and vault maps discovered:
D:1:      lightli_arrival_chessboard, layout_basic, basic_ecumenical_altar

Action                     || total
---------------------------++-------
  Melee: Unarmed           ||     7
         Kick              ||     3
         Bite              ||     1
   Cast: Beastly Appendage ||     2
  Dodge: Dodged            ||     2
  Block: Buckler           ||     2
